 Dungeon Crawl Stone Soup version 0.30.0-3-ga4e48a9924 (webtiles) character file.

Game seed: 16297445518300697424

4624 cheesebisquit the Fighter (level 10, -1/91 HPs)
             Began as a Hill Orc Necromancer on May 7, 2023.
             Was a Follower of Kikubaaqudgha.
             Slain by a hornet (13 damage)
             ... on level 8 of the Dungeon.
             The game lasted 00:35:17 (10893 turns).

cheesebisquit the Fighter (Hill Orc Necromancer)   Turns: 10893, Time: 00:35:18

Health: -1/91      AC:  9    Str: 16    XL:     10   Next: 42%
Magic:  4/15       EV: 12    Int: 15    God:    Kikubaaqudgha [*.....]
Gold:   391        SH:  0    Dex: 11    Spells: 3/16 levels left

rFire   . . .        t - +2 war axe (freeze)
rCold   . . .        (no shield)
rNeg    . . .        H - +0 steam dragon scales
rPois   .            M - +0 hat {Stlth+}
rElec   .            (no cloak)
rCorr   .            e - +0 pair of gloves
SInv    .            g - +0 pair of boots
Will    +....        s - amulet of the acrobat
Stlth   +++          p - ring of willpower
HPRegen 0.35/turn    (no ring)
MPRegen 0.14/turn

%: acrobat
@: lethally poisoned (-1 -> -3), slowed, unable to read, very slow
A: claws 1, hooves 1, inability to read after injury 1
a: Renounce Religion, Unearth Wretches


You were on level 8 of the Dungeon.
You worshipped Kikubaaqudgha.
Kikubaaqudgha was aware of your devotion.
You visited 2 branches of the dungeon, and saw 9 of its levels.

You collected 495 gold pieces.
You spent 104 gold pieces at shops.

Inventory:

Hand Weapons
 d - a +0 trident of venom
 t - a +2 war axe of freezing (weapon)
 y - a +1 flail of venom
 F - a +2 morningstar of distortion
Missiles
 u - 16 poisoned darts
 v - 3 silver boomerangs
 w - 9 boomerangs
 A - 4 throwing nets
 C - a curare-tipped dart
Armour
 a - the +0 leather armour "Laenesche" {rN+ Will+}
   (You found it on level 6 of the Dungeon)

   rN:        It protects you from negative energy.
   Will:      It increases your willpower.
 e - a +0 pair of gloves (worn)
 g - a +0 pair of boots (worn)
 h - a +0 chain mail
 l - a +0 helmet
 H - +0 steam dragon scales (worn)
 L - a +0 buckler
 M - a +0 hat of stealth (worn)
Jewellery
 p - a ring of willpower (left hand)
 s - an amulet of the acrobat (around neck)
Wands
 z - a wand of paralysis (8)
 B - a wand of flame (14)
 I - a wand of light (9)
 N - a wand of polymorph (9)
Scrolls
 b - a scroll of summoning
 f - 2 scrolls of immolation
 i - 2 scrolls of vulnerability
 k - 2 scrolls of fear
 m - 2 scrolls of teleportation
 o - a scroll of poison {unknown}
 q - a scroll of enchant armour {unknown}
 r - 3 scrolls of blinking
 x - a scroll of silence {unknown}
 E - a scroll of magic mapping {unknown}
 G - 2 scrolls of enchant weapon
 K - a scroll of brand weapon {unknown}
Potions
 c - a potion of cancellation
 j - 2 potions of invisibility
 D - 4 potions of lignification
 J - a potion of ambrosia
 P - a potion of magic
 Q - a potion of flight {unknown}


   Skills:
 + Level 9.5 Fighting
 + Level 9.3 Axes
 + Level 8.0 Armour
 - Level 1.5 Dodging
 - Level 1.5 Stealth
 + Level 3.7 Spellcasting
 + Level 7.0 Necromancy


You had 3 spell levels left.
You knew the following spells:

 Your Spells              Type           Power      Damage    Failure   Level
a - Necrotise             Necr           96%        1d8       1%          1
c - Animate Dead          Necr           24%        N/A       10%         4
d - Agony                 Necr           24%        N/A       28%         5
z - Vampiric Draining     Necr           24%        2d7       3%          3

Your spell library contained the following spells:

 Spells                   Type           Power      Damage    Failure   Level
 Sublimation of Blood     Necr           24%        N/A       1%          2
 Cigotuvi's Dreadful Rot  Necr/Pois/Air  18%        N/A       11%         2
 Sandblast                Erth           4%         2d4       19%         1
 Summon Small Mammal      Summ           8%         N/A       19%         1
 Passwall                 Tmut/Erth      1%         N/A       28%         2
 Call Canine Familiar     Summ           2%         N/A       50%         3
 Stone Arrow              Conj/Erth      4%         3d7       50%         3
 Summon Guardian Golem    Hex/Summ       2%         N/A       50%         3


Dungeon Overview and Level Annotations

Branches:
Dungeon (8/15)             Temple (1/1) D:5            Lair (0/5) D:8

Altars:
Ashenzari
Cheibriados
Dithmenos
Elyvilon
Kikubaaqudgha
Makhleb
Qazlal
Sif Muna
Trog
Uskayaw
Vehumet
Wu Jian
Xom
Zin
The Shining One

Shops:
D:3 !


Innate Abilities, Weirdness & Mutations

You have sharp fingernails.
You have large cloven feet.
You occasionally lose the ability to read scrolls when taking damage.


Message History

You feel very sick. The hornet stings you!
* * * LOW HITPOINT WARNING * * *
You feel as though you will be slow longer.
The hornet stings you but does no damage.
You closely miss the hornet.
The hornet is almost dead.
You feel sick. The hornet stings you.
* * * LOW HITPOINT WARNING * * *
You feel as though you will be slow longer.
The hornet stings you.
* * * LOW HITPOINT WARNING * * *
You are more poisoned.
You feel as though you will be slow longer.
The hornet stings you but does no damage.
You feel much better.
You feel very sick. The hornet barely misses you.
The hornet stings you but does no damage.
You hit the hornet but do no damage.
The hornet is almost dead.
You feel very sick. The hornet closely misses you.
An orc comes into view.
It is wielding a +0 dagger and carrying a wand of roots (11).
The hornet stings you.
* * * LOW HITPOINT WARNING * * *
You feel as though you will be slow longer.
You barely miss the hornet.
The hornet is almost dead.
You feel very sick.
The orc shouts!
The hornet misses you. The hornet barely misses you. x2
An orc comes into view. It is wielding a +0 flail.
You closely miss the hornet.
The hornet is almost dead.
You feel sick.
The orc shouts!
The hornet stings you!
You die...
Kikubaaqudgha rasps: "You have failed me!
Welcome... death!"

.... #...#
#.#.# #....#
##.....##
#........
#######y...o.#
#....@yF#
#.####### #<#
#.# #.# ...
###


You could see a hornet, a bullfrog, a killer bee and an orc.

Vanquished Creatures
  Gastronok (D:8)
  Pikel (D:4)
  2 steam dragons
  Duvessa (D:5)
  3 ice beasts
  4 black bears
  3 sky beasts
  An ogre (D:6)
  A centaur (D:6)
  Blork the orc (D:6)
  A kobold brigand (D:5)
  A gnoll sergeant (D:7)
  A bullfrog (D:7)
  3 scorpions
  Dowan (D:5)
  13 killer bees
  A jelly (D:6)
  2 orc priests
  5 hounds
  4 iguanas
  2 orc wizards
  5 gnolls
  6 adders
  A white imp (D:7)
  3 ufetubi
  4 dart slugs
  4 worms
  30 orcs
  5 ball pythons
  7 bats
  4 endoplasms
  8 giant cockroaches
  11 goblins
  16 hobgoblins
  18 kobolds
  4 quokkas
  3 frilled lizards
  4 rats
185 creatures vanquished.

Vanquished Creatures (collateral kills)
  A ball python (D:1)
  A kobold (D:5)
2 creatures vanquished.

Vanquished Creatures (others)
  An orc wizard (D:6)
  3 orcs (D:6)
4 creatures vanquished.

Grand Total: 191 creatures vanquished

Notes
Turn   | Place    | Note
-------+----------+-------------------------------------------
     0 | D:1      | cheesebisquit the Hill Orc Necromancer began the quest for
                  | the Orb.
     0 | D:1      | Reached XP level 1. HP: 14/14 MP: 3/3
    44 | D:1      | Reached skill level 1 in Fighting
   154 | D:1      | Reached XP level 2. HP: 22/24 MP: 2/4
   844 | D:1      | Reached XP level 3. HP: 29/31 MP: 0/5
  1086 | D:1      | You fall into a shaft and drop 1 floor!
  1572 | D:2      | Gained mutation: You occasionally lose the ability to read
                  | scrolls when taking damage. [potion of mutation]
  1572 | D:2      | Gained mutation: You have sharp fingernails. [potion of
                  | mutation]
  1572 | D:2      | Gained mutation: You have large cloven feet. [potion of
                  | mutation]
  2310 | D:2      | Reached skill level 1 in Armour
  2374 | D:2      | Reached XP level 4. HP: 3/40 MP: 0/6
  2831 | D:3      | Found a broken altar of Ashenzari.
  3425 | D:3      | Found Vaam's Distillery.
  3432 | D:3      | Bought a potion of heal wounds for 65 gold pieces
  3432 | D:3      | Bought a potion of curing for 39 gold pieces
  3601 | D:3      | Identified the +3 spear of the Shouting Seeker {heavy,
                  | rPois rN+ rCorr}
  3754 | D:4      | Found a glowing golden altar of the Shining One.
  3764 | D:4      | Reached skill level 1 in Axes
  3764 | D:4      | Reached XP level 5. HP: 42/47 MP: 0/7
  4075 | D:4      | Noticed a black bear
  4091 | D:4      | Killed a black bear
  4092 | D:4      | Reached skill level 5 in Fighting
  4092 | D:4      | Reached XP level 6. HP: 34/56 MP: 0/8
  4977 | D:4      | Noticed Pikel
  4996 | D:4      | Killed Pikel
  4997 | D:4      | Reached skill level 5 in Axes
  4997 | D:4      | Reached XP level 7. HP: 33/64 MP: 9/9
  5169 | D:5      | Entered Level 5 of the Dungeon
  5187 | D:5      | Learned a level 3 spell: Vampiric Draining
  5334 | D:5      | Reached skill level 5 in Armour
  5334 | D:5      | Reached XP level 8. HP: 24/71 MP: 2/10
  5706 | D:5      | Noticed Duvessa
  5706 | D:5      | Noticed Dowan
  5720 | D:5      | Killed Dowan
  5721 | D:5      | Killed Duvessa
  6588 | D:5      | Reached skill level 5 in Necromancy
  6699 | D:5      | Found a stormy altar of Qazlal.
  6925 | D:5      | Found a staircase to the Ecumenical Temple.
  6931 | Temple   | Entered the Ecumenical Temple
  6948 | Temple   | Became a worshipper of Kikubaaqudgha
  7432 | D:5      | Learned a level 4 spell: Animate Dead
  7503 | D:6      | Reached XP level 9. HP: 52/81 MP: 6/11
  7643 | D:6      | Noticed Blork the orc
  7663 | D:6      | Killed Blork the orc
  8223 | D:6      | Identified the +0 leather armour "Laenesche" {rN+ Will+}
  8260 | D:6      | Found a bloodstained altar of Trog.
  8858 | D:7      | Found the +7 staff of the Meek {protect, meekguard}
  8942 | D:7      | Learned a level 5 spell: Agony
  9315 | D:7      | Reached * piety under Kikubaaqudgha
  9315 | D:7      | Received a gift from Kikubaaqudgha
 10087 | D:8      | Found a staircase to the Lair.
 10090 | D:8      | Noticed Gastronok
 10108 | D:8      | Killed Gastronok
 10109 | D:8      | Reached XP level 10. HP: 67/91 MP: 3/15
 10549 | D:8      | Found an ornate altar of the Wu Jian Council.
 10877 | D:8      | Paralysed by a hornet for 1 turns
 10889 | D:8      | HP: 3/91 [hornet (2)]
 10893 | D:8      | Slain by a hornet

Illustrated notes

Levels and vault maps discovered:
D:1:      dpeg_arrival_shelter, layout_loops_corners,
          hangedman_decor_diamond_cutter, minmay_small_reverse_x
D:2:      layout_basic, guppyfry_early_lair_pool
D:3:      layout_rooms, ashenzari_altar_1, serial_shops,
          nicolae_shop_pleasant_corner_grove
D:4:      layout_basic, old_standard_altar, uniq_pikel
D:5:      corexii_shantytown, layout_basic, overflow_temple_1_default,
          temple_green, uniq_duvessa
D:6:      layout_layer_cave, mainiacjoe_overflow_brackets, minmay_crossroads,
          uniq_blork_the_orc
D:7:      layout_loops_corners, minmay_misc_feat_pillars
D:8:      layout_loops_ring, pdpol_wu_jian_five_deadly_venoms, lair_entry_dummy,
          minivault_12, uniq_gastronok
Temple:   nicolae_temple_ecumenical_triangle

Skill      XL: |  1  2  3  4  5  6  7  8  9 10 |
---------------+-------------------------------+-----
Fighting       | 2 3 4 5 6 7 9 |  9.5
Armour         | 1 2 4 5 6 7 8 |  8.0
Axes           | 1 2 5 7 9 |  9.3
Necromancy     | 5 6 7 |  7.0
Spellcasting   | 3 |  3.7
Dodging        | |  1.5
Stealth        | |  1.5

Action                     |  1- 3 |  4- 6 |  7- 9 | 10-12 || total
---------------------------+-------+-------+-------+-------++-------
  Melee: Unarmed           |    53 |       |       |       ||    53
         Dagger            |    13 |     6 |       |       ||    19
         Punch             |     1 |     1 |       |     2 ||     4
         War axe           |       |    55 |   135 |    58 ||   248
         Falchion          |       |     5 |       |       ||     5
   Cast: Necrotise         |   101 |   112 |   240 |    30 ||   483
         Vampiric Draining |       |       |     2 |     2 ||     4
    Use: Scroll            |     4 |     1 |     8 |       ||    13
         Potion            |     2 |     2 |     4 |     4 ||    12
   Stab: Sleeping          |       |       |     1 |       ||     1
 Armour: Robe              |    14 |    46 |    59 |       ||   119
         Chain mail        |     5 |       |       |       ||     5
         Steam dragon scal |       |       |    23 |    40 ||    63
  Dodge: Dodged            |    40 |    56 |   204 |    79 ||   379
